[ AOE2 MATCH · #488297822 ]
Team RMTurks vs Spanish
Player's team · WIN
[ REPLAY ANALYSIS · EXTRACTED FROM THE RECORDED GAME ]
Feudal
10:32
Castle
14:02
Imperial
30:18
| APM avg | 34.3 |
| APM peak | 65 |
| eAPM avg | 24.5 |
| Villagers / military | 152 / 93 |
Focus
⚔️ 24.8% · 🌾 75.2%
Hand Cannoneer ×54 · Scout Cavalry ×26 · Bombard Cannon ×7 · Monk ×6
Feudal
11:08
Castle
14:54
Imperial
33:48
| APM avg | 26.9 |
| APM peak | 65 |
| eAPM avg | 19.8 |
| Villagers / military | 160 / 37 |
Focus
⚔️ 22.5% · 🌾 77.5%
Knight ×21 · Spearman ×10 · Trade Cart ×2 · Scout Cavalry ×2 · Throwing Axeman ×2 · Monk ×1
Feudal
11:11
Castle
14:45
Imperial
30:10
| APM avg | 40.2 |
| APM peak | 73 |
| eAPM avg | 20.4 |
| Villagers / military | 95 / 68 |
Focus
⚔️ 35.6% · 🌾 64.4%
Organ Gun ×63 · Trebuchet (Packed) ×3 · Monk ×2
Feudal
10:31
Castle
19:03
Imperial
31:50
| APM avg | 39.8 |
| APM peak | 86 |
| eAPM avg | 21.6 |
| Villagers / military | 146 / 5 |
Focus
⚔️ 14.6% · 🌾 85.4%
Mangonel ×2 · Trebuchet (Packed) ×2 · Monk ×1
Feudal
9:42
Castle
14:04
Imperial
31:27
| APM avg | 18.7 |
| APM peak | 51 |
| eAPM avg | 13.1 |
| Villagers / military | 85 / 40 |
Focus
⚔️ 19.5% · 🌾 80.5%
Conquistador ×37 · Trebuchet (Packed) ×3
Feudal
9:38
Castle
21:28
Imperial
—
| APM avg | 30.8 |
| APM peak | 63 |
| eAPM avg | 24.0 |
| Villagers / military | 148 / 3 |
Focus
⚔️ 21.6% · 🌾 78.4%
Iron Pagoda ×2 · Battering Ram ×1
Feudal
11:21
Castle
16:38
Imperial
32:54
| APM avg | 27.1 |
| APM peak | 62 |
| eAPM avg | 19.1 |
| Villagers / military | 147 / 26 |
Focus
⚔️ 31.1% · 🌾 68.9%
Scorpion ×22 · Unknown (1974) ×17 · Monk ×4
Feudal
10:07
Castle
14:39
Imperial
31:28
| APM avg | 18.7 |
| APM peak | 47 |
| eAPM avg | 15.0 |
| Villagers / military | 158 / 38 |
Focus
⚔️ 11.2% · 🌾 88.8%
Camel Scout ×35 · Trebuchet (Packed) ×3
Match map
Initial resources + every placement click. Lines = walls · curves = elevation contours. ◆ gold · ⬟ stone · ● berries · ✦ relic · ◌ wall gap
Your base· ✓ Closed at 14:02 · 0t walls · 3 gate(s)
Seritzia's base· ✓ Closed at 14:54 · 2t walls · 3 gate(s)
CTM | Benja FC's base· ✓ Closed at 14:45 · 0t walls · 2 gate(s)
botas.el.gato's base· ✓ Closed at 19:03 · 9t walls · 4 gate(s)
Manuel24's base· ✓ Closed at 14:04 · 0t walls · 3 gate(s)
PSX | King's base· ✓ Closed at 21:28 · 0t walls · 3 gate(s)
paulovmcm's base· ✓ Closed at 16:38 · 0t walls · 2 gate(s)
CTM | Franco*'s base· ✓ Closed at 14:39 · 0t walls · 2 gate(s)
Smoothed initial terrain · ◌ = detected wall gap · hover for details
Inputs per minute
— CTM | Que paso perrito? - - Seritzia
Build order — CTM | Que paso perrito?
First 150 of 391 actions detected
| 0:01 | Create | Villager (Male) |
| 0:02 | Create | Villager (Male) |
| 0:02 | Create | Villager (Male) |
| 0:02 | Create | Villager (Male) |
| 0:03 | Create | Villager (Male) |
| 0:04 | Build | House |
| 0:06 | Build | House |
| 1:17 | Create | Villager (Male) |
| 1:17 | Create | Villager (Male) |
| 1:42 | Create | Villager (Male) |
| 1:43 | Create | Villager (Male) |
| 2:09 | Build | Lumber Camp |
| 2:14 | Create | Villager (Male) |
| 2:30 | Create | Villager (Male) |
| 2:53 | Create | Villager (Male) |
| 2:53 | Create | Villager (Male) |
| 3:16 | Build | House |
| 3:27 | Create | Villager (Male) |
| 3:44 | Create | Villager (Male) |
| 3:52 | Build | House |
| 4:03 | Create | Villager (Male) |
| 4:03 | Create | Villager (Male) |
| 4:16 | Create | Villager (Male) |
| 5:19 | Create | Villager (Male) |
| 5:20 | Create | Villager (Male) |
| 5:20 | Create | Villager (Male) |
| 5:20 | Create | Villager (Male) |
| 5:56 | Build | Mill |
| 6:13 | Create | Villager (Male) |
| 6:14 | Create | Villager (Male) |
| 6:31 | Create | Villager (Male) |
| 6:31 | Create | Villager (Male) |
| 6:31 | Create | Villager (Male) |
| 6:32 | Create | Villager (Male) |
| 6:32 | Create | Villager (Male) |
| 6:52 | Build | Farm |
| 8:18 | Research | Feudal Age |
| 8:18 | Research | Feudal Age |
| 8:31 | Build | Farm |
| 8:48 | Build | House |
| 9:23 | Create | Villager (Male) |
| 9:24 | Create | Villager (Male) |
| 10:32 | Age | Feudal Age |
| 10:33 | Build | Market |
| 10:38 | Build | Blacksmith |
| 11:19 | Research | Castle Age |
| 11:20 | Research | Castle Age |
| 12:13 | Research | Double-Bit Axe |
| 12:13 | Research | Double-Bit Axe |
| 13:25 | Build | Mining Camp |
| 13:34 | Research | Wheelbarrow |
| 13:50 | Build | House |
| 13:51 | Build | House |
| 14:02 | Age | Castle Age |
| 14:04 | Build | Monastery |
| 14:18 | Build | Town Center |
| 14:28 | Create | Villager (Male) |
| 15:03 | Create | Monk |
| 15:04 | Create | Monk |
| 15:11 | Create | Villager (Male) |
| 15:33 | Create | Villager (Male) |
| 15:33 | Create | Villager (Male) |
| 15:34 | Create | Villager (Male) |
| 15:36 | Build | Farm |
| 15:37 | Create | Villager (Male) |
| 15:37 | Create | Villager (Male) |
| 15:37 | Create | Villager (Male) |
| 15:38 | Create | Villager (Male) |
| 15:48 | Research | Horse Collar |
| 15:56 | Build | Farm |
| 16:05 | Build | Farm |
| 16:06 | Create | Monk |
| 16:07 | Create | Monk |
| 16:30 | Build | Farm |
| 16:31 | Create | Villager (Male) |
| 16:31 | Create | Villager (Male) |
| 16:31 | Create | Villager (Male) |
| 16:33 | Build | Farm |
| 16:49 | Build | Farm |
| 17:06 | Build | Farm |
| 17:07 | Create | Villager (Male) |
| 17:07 | Create | Villager (Male) |
| 17:08 | Create | Villager (Male) |
| 17:27 | Create | Villager (Male) |
| 17:27 | Create | Villager (Male) |
| 17:30 | Build | Farm |
| 17:31 | Build | Farm |
| 17:33 | Create | Villager (Male) |
| 17:33 | Create | Villager (Male) |
| 17:36 | Build | Farm |
| 17:40 | Build | House |
| 17:41 | Build | House |
| 17:48 | Build | Farm |
| 18:05 | Build | Farm |
| 18:06 | Create | Villager (Male) |
| 18:07 | Create | Villager (Male) |
| 18:07 | Create | Villager (Male) |
| 18:10 | Build | Farm |
| 18:19 | Create | Villager (Male) |
| 18:20 | Create | Villager (Male) |
| 18:42 | Build | Farm |
| 18:43 | Create | Villager (Male) |
| 18:43 | Create | Villager (Male) |
| 18:43 | Create | Villager (Male) |
| 18:44 | Create | Villager (Male) |
| 18:46 | Build | Farm |
| 19:06 | Build | Farm |
| 19:07 | Create | Villager (Male) |
| 19:08 | Create | Villager (Male) |
| 19:08 | Create | Villager (Male) |
| 19:11 | Build | Farm |
| 19:17 | Build | Farm |
| 19:18 | Create | Villager (Male) |
| 19:18 | Create | Villager (Male) |
| 19:36 | Build | Farm |
| 19:37 | Create | Villager (Male) |
| 19:38 | Create | Villager (Male) |
| 19:38 | Create | Villager (Male) |
| 19:41 | Build | Farm |
| 19:43 | Create | Villager (Male) |
| 19:43 | Create | Villager (Male) |
| 19:44 | Create | Villager (Male) |
| 20:02 | Build | Town Center |
| 20:07 | Create | Villager (Male) |
| 20:08 | Create | Villager (Male) |
| 20:12 | Build | House |
| 20:13 | Build | House |
| 20:15 | Build | House |
| 20:21 | Build | Farm |
| 20:25 | Create | Villager (Male) |
| 20:35 | Build | Farm |
| 20:37 | Create | Villager (Male) |
| 20:37 | Create | Villager (Male) |
| 20:43 | Research | Bow Saw |
| 20:43 | Research | Bow Saw |
| 21:22 | Create | Villager (Male) |
| 21:22 | Create | Villager (Male) |
| 21:22 | Create | Villager (Male) |
| 21:27 | Build | Mining Camp |
| 21:39 | Create | Villager (Male) |
| 21:45 | Research | Hand Cart |
| 21:45 | Research | Hand Cart |
| 21:49 | Research | Loom |
| 21:50 | Create | Villager (Male) |
| 21:50 | Create | Villager (Male) |
| 22:21 | Create | Villager (Male) |
| 22:21 | Create | Villager (Male) |
| 22:22 | Create | Villager (Male) |
| 22:22 | Create | Villager (Male) |
| 22:22 | Create | Villager (Male) |
Build order — Seritzia
First 150 of 367 actions detected
| 0:01 | Create | Villager (Male) |
| 0:01 | Create | Villager (Male) |
| 0:02 | Create | Villager (Male) |
| 0:03 | Build | House |
| 0:05 | Build | House |
| 0:05 | Create | Villager (Male) |
| 1:22 | Create | Villager (Male) |
| 1:45 | Build | Lumber Camp |
| 1:54 | Create | Villager (Male) |
| 2:34 | Create | Villager (Male) |
| 2:38 | Create | Villager (Male) |
| 3:23 | Create | Villager (Male) |
| 3:40 | Create | Villager (Male) |
| 3:51 | Build | House |
| 3:53 | Build | Mill |
| 3:58 | Build | Mill |
| 4:23 | Create | Villager (Male) |
| 4:23 | Create | Villager (Male) |
| 4:23 | Create | Villager (Male) |
| 4:23 | Create | Villager (Male) |
| 5:05 | Create | Villager (Male) |
| 5:33 | Create | Villager (Male) |
| 6:14 | Build | House |
| 6:18 | Build | House |
| 6:20 | Build | Mill |
| 6:21 | Create | Villager (Male) |
| 6:45 | Create | Villager (Male) |
| 7:12 | Create | Villager (Male) |
| 7:21 | Build | Mining Camp |
| 7:40 | Create | Villager (Male) |
| 7:48 | Create | Villager (Male) |
| 8:20 | Create | Villager (Male) |
| 8:22 | Create | Villager (Male) |
| 8:49 | Research | Feudal Age |
| 9:13 | Build | House |
| 9:57 | Create | Villager (Male) |
| 10:06 | Build | Farm |
| 10:11 | Build | Farm |
| 11:08 | Create | Villager (Male) |
| 11:08 | Age | Feudal Age |
| 11:10 | Build | Market |
| 11:14 | Build | Blacksmith |
| 11:24 | Build | Palisade Wall |
| 11:25 | Build | Palisade Wall |
| 12:06 | Create | Trade Cart |
| 12:14 | Research | Castle Age |
| 12:15 | Create | Villager (Male) |
| 12:22 | Build | Lumber Camp |
| 12:59 | Research | Double-Bit Axe |
| 13:29 | Build | Mill |
| 13:34 | Research | Loom |
| 14:10 | Create | Villager (Male) |
| 14:50 | Create | Villager (Male) |
| 14:54 | Age | Castle Age |
| 14:59 | Build | Town Center |
| 15:14 | Build | Barracks |
| 15:23 | Build | Mining Camp |
| 15:24 | Create | Villager (Male) |
| 15:39 | Research | Scale Barding Armor |
| 15:51 | Create | Villager (Male) |
| 16:10 | Create | Villager (Male) |
| 16:17 | Build | House |
| 16:34 | Create | Villager (Male) |
| 16:35 | Create | Villager (Male) |
| 16:37 | Build | Farm |
| 16:38 | Build | Farm |
| 16:38 | Build | Farm |
| 17:03 | Create | Villager (Male) |
| 17:39 | Build | Siege Workshop |
| 17:39 | Create | Villager (Male) |
| 17:40 | Create | Villager (Male) |
| 18:04 | Create | Villager (Male) |
| 18:05 | Create | Villager (Male) |
| 18:18 | Create | Villager (Male) |
| 18:37 | Create | Mangonel |
| 18:42 | Create | Villager (Male) |
| 18:44 | Build | House |
| 18:51 | Create | Villager (Male) |
| 18:54 | Build | Town Center |
| 19:13 | Create | Villager (Male) |
| 19:14 | Create | Villager (Male) |
| 19:28 | Create | Villager (Male) |
| 19:33 | Build | House |
| 19:50 | Create | Villager (Male) |
| 20:01 | Build | Farm |
| 20:01 | Build | Farm |
| 20:01 | Build | Farm |
| 20:04 | Create | Villager (Male) |
| 20:04 | Create | Villager (Male) |
| 20:04 | Create | Villager (Male) |
| 20:16 | Build | Town Center |
| 20:40 | Create | Villager (Male) |
| 20:40 | Create | Villager (Male) |
| 20:43 | Build | Farm |
| 20:50 | Build | Farm |
| 20:51 | Build | Farm |
| 20:51 | Build | Farm |
| 21:01 | Create | Villager (Male) |
| 21:11 | Create | Villager (Male) |
| 21:11 | Create | Villager (Male) |
| 21:11 | Create | Villager (Male) |
| 21:24 | Build | Farm |
| 21:25 | Build | Farm |
| 21:25 | Build | Farm |
| 21:48 | Create | Villager (Male) |
| 21:49 | Create | Villager (Male) |
| 21:49 | Create | Villager (Male) |
| 21:49 | Create | Villager (Male) |
| 21:54 | Build | Farm |
| 21:54 | Build | Farm |
| 21:54 | Build | Farm |
| 21:55 | Build | Farm |
| 22:12 | Create | Villager (Male) |
| 22:12 | Create | Villager (Male) |
| 22:20 | Build | Castle |
| 22:23 | Create | Villager (Male) |
| 22:23 | Create | Villager (Male) |
| 22:30 | Create | Villager (Male) |
| 22:30 | Create | Villager (Male) |
| 22:30 | Create | Villager (Male) |
| 22:31 | Create | Villager (Male) |
| 22:31 | Create | Villager (Male) |
| 22:37 | Build | Farm |
| 22:41 | Create | Trade Cart |
| 22:41 | Create | Villager (Male) |
| 22:59 | Create | Villager (Male) |
| 22:59 | Create | Villager (Male) |
| 22:59 | Create | Villager (Male) |
| 23:00 | Create | Villager (Male) |
| 23:00 | Create | Villager (Male) |
| 23:03 | Build | House |
| 23:04 | Build | House |
| 23:07 | Research | Town Watch |
| 23:12 | Build | Farm |
| 23:12 | Build | Farm |
| 23:12 | Build | Farm |
| 23:12 | Build | Farm |
| 23:13 | Build | Farm |
| 23:17 | Build | Farm |
| 23:18 | Build | Farm |
| 23:18 | Build | Farm |
| 23:20 | Create | Villager (Male) |
| 23:20 | Create | Villager (Male) |
| 23:21 | Create | Villager (Male) |
| 23:37 | Build | House |
| 23:39 | Build | House |
| 23:41 | Create | Villager (Male) |
| 23:41 | Create | Villager (Male) |
| 23:41 | Create | Villager (Male) |
| 23:41 | Create | Villager (Male) |
Build order — CTM | Benja FC
First 150 of 257 actions detected
| 0:05 | Build | House |
| 0:06 | Build | House |
| 0:10 | Create | Villager (Male) |
| 0:12 | Create | Villager (Male) |
| 0:19 | Create | Villager (Male) |
| 0:24 | Create | Villager (Male) |
| 1:33 | Create | Villager (Male) |
| 1:33 | Create | Villager (Male) |
| 1:55 | Build | Lumber Camp |
| 2:06 | Create | Villager (Male) |
| 2:36 | Create | Villager (Male) |
| 3:00 | Create | Villager (Male) |
| 3:11 | Create | Villager (Male) |
| 3:41 | Create | Villager (Male) |
| 4:03 | Build | House |
| 4:04 | Build | House |
| 4:13 | Create | Villager (Male) |
| 4:51 | Create | Villager (Male) |
| 4:51 | Create | Villager (Male) |
| 4:51 | Create | Villager (Male) |
| 5:10 | Create | Villager (Male) |
| 5:41 | Create | Villager (Male) |
| 5:53 | Create | Villager (Male) |
| 6:02 | Create | Villager (Male) |
| 6:33 | Create | Villager (Male) |
| 6:58 | Build | Mill |
| 7:26 | Create | Villager (Male) |
| 7:39 | Build | House |
| 7:47 | Create | Villager (Male) |
| 7:58 | Create | Villager (Male) |
| 8:55 | Research | Feudal Age |
| 10:40 | Create | Villager (Male) |
| 11:06 | Create | Villager (Male) |
| 11:11 | Age | Feudal Age |
| 11:12 | Create | Villager (Male) |
| 11:14 | Build | Market |
| 11:21 | Build | Blacksmith |
| 11:39 | Create | Villager (Male) |
| 12:05 | Research | Castle Age |
| 12:12 | Build | Mining Camp |
| 12:50 | Research | Double-Bit Axe |
| 13:12 | Build | Mining Camp |
| 13:42 | Research | Loom |
| 14:32 | Create | Villager (Male) |
| 14:44 | Create | Villager (Male) |
| 14:45 | Age | Castle Age |
| 14:58 | Build | Castle |
| 15:01 | Create | Villager (Male) |
| 15:34 | Create | Villager (Male) |
| 15:36 | Build | Farm |
| 15:58 | Build | Farm |
| 16:06 | Build | House |
| 16:23 | Create | Villager (Male) |
| 16:25 | Build | Farm |
| 16:34 | Build | House |
| 16:40 | Create | Organ Gun |
| 16:40 | Create | Organ Gun |
| 16:45 | Build | Monastery |
| 17:00 | Create | Monk |
| 17:15 | Create | Villager (Male) |
| 17:17 | Build | Farm |
| 17:23 | Build | House |
| 17:36 | Create | Villager (Male) |
| 17:39 | Build | Farm |
| 17:40 | Build | Farm |
| 17:41 | Build | Farm |
| 17:44 | Build | Farm |
| 17:51 | Create | Villager (Male) |
| 18:13 | Create | Villager (Male) |
| 18:17 | Build | Farm |
| 18:31 | Create | Organ Gun |
| 18:32 | Create | Villager (Male) |
| 18:34 | Build | Farm |
| 18:41 | Create | Villager (Male) |
| 19:16 | Create | Organ Gun |
| 19:17 | Create | Organ Gun |
| 19:17 | Create | Organ Gun |
| 19:20 | Create | Villager (Male) |
| 19:27 | Build | University |
| 19:53 | Create | Monk |
| 20:01 | Create | Villager (Male) |
| 20:03 | Build | Farm |
| 20:05 | Create | Villager (Male) |
| 20:21 | Create | Villager (Male) |
| 20:27 | Build | Farm |
| 20:28 | Create | Villager (Male) |
| 20:33 | Build | House |
| 20:34 | Build | House |
| 20:49 | Create | Villager (Male) |
| 20:52 | Build | Farm |
| 20:52 | Create | Villager (Male) |
| 21:04 | Create | Villager (Male) |
| 21:15 | Create | Villager (Male) |
| 21:17 | Build | Palisade Wall |
| 21:20 | Build | House |
| 21:31 | Build | Barracks |
| 21:36 | Create | Villager (Male) |
| 21:45 | Build | Farm |
| 21:46 | Build | Farm |
| 21:54 | Research | Horse Collar |
| 22:01 | Build | Lumber Camp |
| 22:02 | Create | Villager (Male) |
| 22:06 | Create | Villager (Male) |
| 22:17 | Research | Forging |
| 22:19 | Research | Scale Mail Armor |
| 22:30 | Create | Villager (Male) |
| 22:34 | Build | House |
| 22:35 | Build | House |
| 22:48 | Create | Villager (Male) |
| 22:59 | Create | Villager (Male) |
| 23:08 | Create | Organ Gun |
| 23:09 | Create | Organ Gun |
| 23:10 | Create | Villager (Male) |
| 23:15 | Build | Farm |
| 23:24 | Build | House |
| 23:25 | Build | House |
| 23:44 | Research | Bow Saw |
| 23:47 | Create | Villager (Male) |
| 24:03 | Create | Organ Gun |
| 24:11 | Create | Villager (Male) |
| 24:13 | Build | House |
| 24:14 | Build | House |
| 24:46 | Create | Villager (Male) |
| 24:47 | Create | Villager (Male) |
| 24:55 | Create | Villager (Male) |
| 25:04 | Build | Castle |
| 25:09 | Create | Villager (Male) |
| 25:13 | Create | Villager (Male) |
| 25:16 | Build | House |
| 25:16 | Build | House |
| 25:26 | Create | Villager (Male) |
| 25:39 | Build | Palisade Wall |
| 25:41 | Build | House |
| 25:46 | Create | Organ Gun |
| 25:47 | Create | Organ Gun |
| 25:50 | Create | Villager (Male) |
| 25:57 | Research | Fletching |
| 26:04 | Build | Lumber Camp |
| 26:23 | Create | Villager (Male) |
| 26:24 | Create | Villager (Male) |
| 26:28 | Create | Organ Gun |
| 26:29 | Create | Villager (Male) |
| 26:32 | Build | House |
| 26:34 | Build | House |
| 26:36 | Build | House |
| 26:37 | Create | Villager (Male) |
| 27:00 | Research | Imperial Age |
| 27:01 | Create | Villager (Male) |
| 27:05 | Create | Organ Gun |
| 27:05 | Create | Organ Gun |
Build order — botas.el.gato
First 150 of 304 actions detected
| 0:00 | Create | Villager (Male) |
| 0:01 | Create | Villager (Male) |
| 0:01 | Create | Villager (Male) |
| 0:02 | Create | Villager (Male) |
| 0:03 | Build | House |
| 0:04 | Build | House |
| 1:23 | Create | Villager (Male) |
| 1:54 | Create | Villager (Male) |
| 1:54 | Create | Villager (Male) |
| 2:05 | Build | Lumber Camp |
| 2:26 | Create | Villager (Male) |
| 2:26 | Create | Villager (Male) |
| 2:43 | Create | Villager (Male) |
| 3:11 | Create | Villager (Male) |
| 3:26 | Build | House |
| 3:26 | Build | House |
| 3:39 | Create | Villager (Male) |
| 3:58 | Create | Villager (Male) |
| 3:58 | Create | Villager (Male) |
| 4:29 | Create | Villager (Male) |
| 4:30 | Create | Villager (Male) |
| 4:30 | Create | Villager (Male) |
| 4:43 | Build | Palisade Gate |
| 4:53 | Build | Palisade Wall |
| 4:54 | Build | Palisade Wall |
| 4:57 | Build | Palisade Wall |
| 5:03 | Build | Palisade Gate |
| 5:04 | Create | Villager (Male) |
| 5:04 | Create | Villager (Male) |
| 5:50 | Create | Villager (Male) |
| 5:51 | Create | Villager (Male) |
| 6:32 | Build | Mill |
| 6:37 | Create | Villager (Male) |
| 6:50 | Create | Villager (Male) |
| 6:51 | Create | Villager (Male) |
| 7:07 | Create | Villager (Male) |
| 7:11 | Create | Villager (Male) |
| 7:47 | Build | Mining Camp |
| 7:53 | Research | Feudal Age |
| 7:54 | Research | Feudal Age |
| 8:37 | Build | House |
| 9:46 | Research | Loom |
| 9:53 | Build | House |
| 9:56 | Build | House |
| 9:58 | Build | House |
| 10:02 | Build | House |
| 10:04 | Build | Palisade Wall |
| 10:08 | Build | House |
| 10:11 | Build | House |
| 10:31 | Age | Feudal Age |
| 10:50 | Build | Watch Tower |
| 11:00 | Build | Farm |
| 11:02 | Build | Farm |
| 11:05 | Build | Mining Camp |
| 11:07 | Create | Villager (Male) |
| 11:29 | Create | Villager (Male) |
| 11:38 | Build | Farm |
| 12:22 | Create | Villager (Male) |
| 12:27 | Build | Farm |
| 12:57 | Create | Villager (Male) |
| 13:01 | Build | Farm |
| 13:04 | Build | Farm |
| 13:04 | Create | Villager (Male) |
| 13:09 | Build | Farm |
| 13:11 | Build | Farm |
| 13:13 | Create | Villager (Male) |
| 13:51 | Build | House |
| 13:54 | Build | House |
| 14:01 | Create | Villager (Male) |
| 14:06 | Build | House |
| 14:12 | Create | Villager (Male) |
| 14:19 | Build | Farm |
| 14:20 | Build | Farm |
| 14:29 | Build | Watch Tower |
| 14:56 | Create | Villager (Male) |
| 15:14 | Build | Mining Camp |
| 15:28 | Create | Villager (Male) |
| 16:01 | Build | Blacksmith |
| 16:23 | Research | Castle Age |
| 17:09 | Build | Farm |
| 17:11 | Research | Fletching |
| 17:39 | Build | Farm |
| 18:03 | Build | Stable |
| 18:09 | Build | Market |
| 18:26 | Build | Farm |
| 18:37 | Research | Horse Collar |
| 18:55 | Create | Villager (Male) |
| 19:03 | Age | Castle Age |
| 19:07 | Build | Siege Workshop |
| 19:10 | Create | Villager (Male) |
| 19:20 | Build | Town Center |
| 19:29 | Build | Town Center |
| 19:30 | Create | Villager (Male) |
| 19:55 | Create | Mangonel |
| 19:58 | Create | Villager (Male) |
| 19:58 | Create | Villager (Male) |
| 20:15 | Build | Palisade Gate |
| 20:22 | Create | Villager (Male) |
| 20:22 | Create | Villager (Male) |
| 21:02 | Create | Villager (Male) |
| 21:02 | Create | Villager (Male) |
| 21:12 | Build | Farm |
| 21:25 | Build | House |
| 21:28 | Build | House |
| 21:46 | Create | Mangonel |
| 21:47 | Create | Villager (Male) |
| 21:47 | Create | Villager (Male) |
| 21:49 | Build | Farm |
| 22:08 | Create | Villager (Male) |
| 22:08 | Create | Villager (Male) |
| 22:08 | Create | Villager (Male) |
| 22:22 | Build | House |
| 22:38 | Create | Villager (Male) |
| 22:38 | Create | Villager (Male) |
| 22:46 | Build | Farm |
| 22:47 | Build | Farm |
| 22:48 | Create | Villager (Male) |
| 22:48 | Create | Villager (Male) |
| 23:02 | Create | Villager (Male) |
| 23:02 | Create | Villager (Male) |
| 23:02 | Create | Villager (Male) |
| 23:13 | Create | Villager (Male) |
| 23:13 | Create | Villager (Male) |
| 23:14 | Create | Villager (Male) |
| 23:39 | Build | Palisade Wall |
| 23:48 | Create | Villager (Male) |
| 23:48 | Create | Villager (Male) |
| 24:03 | Create | Villager (Male) |
| 24:03 | Create | Villager (Male) |
| 24:08 | Build | Mining Camp |
| 24:14 | Create | Villager (Male) |
| 24:14 | Create | Villager (Male) |
| 24:15 | Create | Villager (Male) |
| 24:35 | Create | Villager (Male) |
| 24:35 | Create | Villager (Male) |
| 24:35 | Create | Villager (Male) |
| 24:38 | Research | Wheelbarrow |
| 24:42 | Research | Double-Bit Axe |
| 25:01 | Create | Villager (Male) |
| 25:01 | Create | Villager (Male) |
| 25:13 | Build | Farm |
| 25:20 | Create | Villager (Male) |
| 25:21 | Create | Villager (Male) |
| 25:37 | Build | Town Center |
| 25:45 | Research | Bow Saw |
| 25:46 | Create | Villager (Male) |
| 25:46 | Create | Villager (Male) |
| 25:59 | Create | Villager (Male) |
| 26:00 | Create | Villager (Male) |
| 26:12 | Build | Stone Wall |
Build order — Manuel24
First 150 of 234 actions detected
| 0:02 | Create | Villager (Male) |
| 0:02 | Create | Villager (Male) |
| 0:02 | Create | Villager (Male) |
| 0:02 | Create | Villager (Male) |
| 0:07 | Build | House |
| 0:37 | Build | House |
| 0:38 | Build | House |
| 1:35 | Create | Villager (Male) |
| 1:35 | Create | Villager (Male) |
| 2:02 | Create | Villager (Male) |
| 2:02 | Create | Villager (Male) |
| 2:15 | Build | Lumber Camp |
| 2:23 | Create | Villager (Male) |
| 2:38 | Create | Villager (Male) |
| 2:38 | Create | Villager (Male) |
| 3:05 | Create | Villager (Male) |
| 3:05 | Create | Villager (Male) |
| 3:45 | Create | Villager (Male) |
| 3:45 | Create | Villager (Male) |
| 4:10 | Build | Mill |
| 4:12 | Create | Villager (Male) |
| 4:12 | Create | Villager (Male) |
| 4:12 | Create | Villager (Male) |
| 4:52 | Create | Villager (Male) |
| 4:52 | Create | Villager (Male) |
| 5:32 | Build | House |
| 5:38 | Create | Villager (Male) |
| 5:58 | Build | Mill |
| 6:01 | Create | Villager (Male) |
| 6:01 | Create | Villager (Male) |
| 6:50 | Build | Mining Camp |
| 7:01 | Create | Villager (Male) |
| 7:28 | Research | Feudal Age |
| 8:40 | Create | Villager (Male) |
| 8:41 | Create | Villager (Male) |
| 8:41 | Create | Villager (Male) |
| 9:42 | Age | Feudal Age |
| 9:49 | Build | Market |
| 10:31 | Build | Blacksmith |
| 11:24 | Research | Castle Age |
| 11:32 | Build | Mining Camp |
| 11:48 | Research | Double-Bit Axe |
| 12:14 | Build | House |
| 13:53 | Research | Wheelbarrow |
| 14:04 | Age | Castle Age |
| 14:28 | Build | Castle |
| 15:01 | Create | Villager (Male) |
| 15:01 | Create | Villager (Male) |
| 15:11 | Build | Farm |
| 15:12 | Build | Farm |
| 15:12 | Build | Farm |
| 15:12 | Build | Farm |
| 15:12 | Build | Farm |
| 15:29 | Build | Farm |
| 15:38 | Research | Horse Collar |
| 15:54 | Build | Farm |
| 16:14 | Build | Farm |
| 16:18 | Build | Farm |
| 16:19 | Build | Farm |
| 16:22 | Create | Villager (Male) |
| 16:28 | Create | Conquistador |
| 17:08 | Build | Gate |
| 17:10 | Create | Villager (Male) |
| 17:12 | Create | Villager (Male) |
| 17:36 | Build | Stone Wall |
| 17:39 | Build | Stone Wall |
| 17:41 | Create | Villager (Male) |
| 17:48 | Build | Farm |
| 18:12 | Create | Villager (Male) |
| 18:12 | Create | Villager (Male) |
| 18:26 | Create | Conquistador |
| 18:27 | Create | Conquistador |
| 18:27 | Create | Conquistador |
| 18:34 | Build | Farm |
| 19:11 | Create | Conquistador |
| 19:12 | Create | Villager (Male) |
| 19:18 | Build | House |
| 19:18 | Build | House |
| 19:21 | Create | Villager (Male) |
| 19:27 | Build | Town Center |
| 19:37 | Create | Conquistador |
| 19:42 | Create | Villager (Male) |
| 19:50 | Create | Conquistador |
| 20:07 | Create | Villager (Male) |
| 20:16 | Build | Farm |
| 20:18 | Build | Farm |
| 20:28 | Build | Farm |
| 20:28 | Build | Farm |
| 20:28 | Build | Farm |
| 20:29 | Build | Farm |
| 20:29 | Build | Farm |
| 20:29 | Build | Farm |
| 20:33 | Create | Villager (Male) |
| 20:33 | Create | Villager (Male) |
| 20:35 | Create | Villager (Male) |
| 20:35 | Create | Villager (Male) |
| 20:51 | Create | Conquistador |
| 20:57 | Create | Villager (Male) |
| 21:03 | Create | Villager (Male) |
| 21:17 | Build | Farm |
| 21:29 | Create | Conquistador |
| 21:35 | Research | Padded Archer Armor |
| 21:43 | Build | Lumber Camp |
| 21:47 | Create | Villager (Male) |
| 22:06 | Build | Gate |
| 22:10 | Create | Conquistador |
| 22:11 | Create | Villager (Male) |
| 22:14 | Research | Loom |
| 22:16 | Create | Villager (Male) |
| 22:27 | Create | Conquistador |
| 22:43 | Create | Conquistador |
| 22:44 | Create | Villager (Male) |
| 22:50 | Create | Villager (Male) |
| 23:01 | Build | House |
| 23:02 | Build | House |
| 23:03 | Build | House |
| 23:08 | Create | Conquistador |
| 23:11 | Create | Villager (Male) |
| 23:14 | Create | Villager (Male) |
| 23:37 | Create | Villager (Male) |
| 23:38 | Create | Villager (Male) |
| 23:43 | Create | Conquistador |
| 23:52 | Build | Mill |
| 23:55 | Build | Farm |
| 23:55 | Build | Farm |
| 23:55 | Build | Farm |
| 23:55 | Build | Farm |
| 23:55 | Build | Farm |
| 23:56 | Build | Farm |
| 24:00 | Create | Villager (Male) |
| 24:02 | Create | Villager (Male) |
| 24:09 | Build | House |
| 24:11 | Build | House |
| 25:01 | Create | Villager (Male) |
| 25:02 | Create | Villager (Male) |
| 25:08 | Build | Farm |
| 25:12 | Research | Heavy Plow |
| 25:12 | Research | Heavy Plow |
| 25:16 | Create | Villager (Male) |
| 25:19 | Create | Villager (Male) |
| 25:31 | Build | House |
| 25:32 | Build | House |
| 25:36 | Create | Villager (Male) |
| 25:37 | Create | Villager (Male) |
| 25:55 | Build | Farm |
| 25:56 | Build | Farm |
| 25:56 | Build | Farm |
| 25:58 | Build | Farm |
| 25:58 | Build | Farm |
| 25:58 | Build | Farm |
Build order — PSX | King
First 150 of 314 actions detected
| 0:01 | Create | Villager (Male) |
| 0:01 | Create | Villager (Male) |
| 0:01 | Create | Villager (Male) |
| 0:02 | Build | House |
| 0:05 | Build | House |
| 0:07 | Build | House |
| 0:15 | Create | Villager (Male) |
| 1:30 | Create | Villager (Male) |
| 1:30 | Create | Villager (Male) |
| 1:49 | Build | Lumber Camp |
| 1:54 | Create | Villager (Male) |
| 1:55 | Create | Villager (Male) |
| 2:23 | Create | Villager (Male) |
| 2:24 | Create | Villager (Male) |
| 2:45 | Create | Villager (Male) |
| 3:00 | Create | Villager (Male) |
| 3:03 | Build | House |
| 3:23 | Create | Villager (Male) |
| 3:23 | Create | Villager (Male) |
| 4:15 | Create | Villager (Male) |
| 4:16 | Create | Villager (Male) |
| 4:16 | Create | Villager (Male) |
| 4:26 | Create | Villager (Male) |
| 4:26 | Create | Villager (Male) |
| 4:54 | Create | Villager (Male) |
| 5:12 | Create | Villager (Male) |
| 5:12 | Create | Villager (Male) |
| 5:31 | Create | Villager (Male) |
| 5:31 | Create | Villager (Male) |
| 6:00 | Create | Villager (Male) |
| 6:11 | Build | Mill |
| 6:24 | Research | Loom |
| 7:28 | Research | Feudal Age |
| 8:26 | Build | House |
| 8:38 | Build | Mining Camp |
| 8:58 | Build | House |
| 9:01 | Create | Villager (Male) |
| 9:38 | Age | Feudal Age |
| 9:41 | Research | Double-Bit Axe |
| 9:43 | Build | Blacksmith |
| 9:48 | Build | Watch Tower |
| 9:57 | Create | Villager (Male) |
| 10:06 | Build | House |
| 10:09 | Build | House |
| 10:11 | Create | Villager (Male) |
| 10:39 | Create | Villager (Male) |
| 10:41 | Research | Fletching |
| 11:02 | Create | Villager (Male) |
| 11:28 | Create | Villager (Male) |
| 11:54 | Build | Watch Tower |
| 12:01 | Create | Villager (Male) |
| 12:19 | Create | Villager (Male) |
| 12:51 | Create | Villager (Male) |
| 12:57 | Build | Watch Tower |
| 13:01 | Build | Farm |
| 13:01 | Build | Farm |
| 13:02 | Build | Farm |
| 13:02 | Build | Farm |
| 13:05 | Create | Villager (Male) |
| 13:50 | Create | Villager (Male) |
| 14:11 | Create | Villager (Male) |
| 14:14 | Build | Farm |
| 14:30 | Create | Villager (Male) |
| 14:33 | Build | House |
| 14:36 | Build | Watch Tower |
| 14:52 | Build | Watch Tower |
| 14:54 | Create | Villager (Male) |
| 15:02 | Create | Villager (Male) |
| 15:11 | Create | Villager (Male) |
| 15:22 | Create | Villager (Male) |
| 15:45 | Create | Villager (Male) |
| 16:02 | Create | Villager (Male) |
| 16:05 | Build | Farm |
| 16:06 | Build | Farm |
| 16:21 | Build | Mining Camp |
| 16:54 | Build | House |
| 16:57 | Create | Villager (Male) |
| 17:27 | Build | Market |
| 17:28 | Create | Villager (Male) |
| 18:15 | Create | Villager (Male) |
| 18:48 | Research | Castle Age |
| 18:48 | Research | Castle Age |
| 19:20 | Build | Farm |
| 19:20 | Build | Farm |
| 19:20 | Build | Farm |
| 19:21 | Build | Farm |
| 19:21 | Build | Farm |
| 19:23 | Create | Villager (Male) |
| 19:50 | Research | Horse Collar |
| 20:28 | Build | Watch Tower |
| 20:47 | Build | House |
| 20:53 | Build | House |
| 21:28 | Age | Castle Age |
| 21:29 | Research | Bodkin Arrow |
| 21:29 | Research | Bodkin Arrow |
| 21:32 | Build | University |
| 21:42 | Create | Villager (Male) |
| 21:58 | Create | Villager (Male) |
| 22:09 | Create | Villager (Male) |
| 22:40 | Research | Murder Holes |
| 22:40 | Create | Villager (Male) |
| 22:41 | Create | Villager (Male) |
| 22:56 | Create | Villager (Male) |
| 22:56 | Create | Villager (Male) |
| 23:18 | Create | Villager (Male) |
| 23:37 | Create | Villager (Male) |
| 23:37 | Create | Villager (Male) |
| 23:38 | Build | Farm |
| 23:39 | Build | Farm |
| 23:41 | Build | House |
| 23:42 | Build | House |
| 23:54 | Create | Villager (Male) |
| 24:33 | Build | Town Center |
| 24:50 | Build | Siege Workshop |
| 24:53 | Create | Villager (Male) |
| 24:53 | Create | Villager (Male) |
| 25:28 | Create | Villager (Male) |
| 25:29 | Create | Villager (Male) |
| 25:29 | Create | Villager (Male) |
| 25:40 | Build | Lumber Camp |
| 25:46 | Build | House |
| 25:48 | Create | Battering Ram |
| 25:53 | Create | Iron Pagoda |
| 25:53 | Create | Iron Pagoda |
| 25:55 | Create | Villager (Male) |
| 25:58 | Create | Villager (Male) |
| 25:59 | Create | Villager (Male) |
| 26:13 | Research | Wheelbarrow |
| 26:22 | Create | Villager (Male) |
| 26:23 | Create | Villager (Male) |
| 26:27 | Research | Bow Saw |
| 26:33 | Build | House |
| 26:55 | Build | Town Center |
| 27:07 | Create | Villager (Male) |
| 27:10 | Build | House |
| 27:20 | Build | Farm |
| 27:20 | Build | Farm |
| 27:31 | Create | Villager (Male) |
| 27:31 | Create | Villager (Male) |
| 27:39 | Create | Villager (Male) |
| 27:45 | Research | Town Watch |
| 27:48 | Build | House |
| 27:49 | Build | House |
| 27:58 | Build | Mining Camp |
| 28:06 | Build | Farm |
| 28:07 | Build | Farm |
| 28:10 | Create | Villager (Male) |
| 28:11 | Create | Villager (Male) |
| 28:18 | Create | Villager (Male) |
| 28:18 | Create | Villager (Male) |
Build order — paulovmcm
First 150 of 316 actions detected
| 0:01 | Create | Villager (Male) ×4 |
| 0:03 | Build | House |
| 0:05 | Build | House |
| 1:29 | Create | Villager (Male) |
| 1:52 | Create | Villager (Male) |
| 2:10 | Build | Lumber Camp |
| 2:26 | Create | Villager (Male) |
| 2:39 | Create | Villager (Male) |
| 3:00 | Build | House |
| 3:05 | Create | Villager (Male) |
| 3:28 | Create | Villager (Male) |
| 3:52 | Create | Villager (Male) |
| 4:18 | Build | Mill |
| 4:30 | Create | Villager (Male) |
| 4:31 | Create | Villager (Male) |
| 4:54 | Create | Villager (Male) |
| 5:01 | Build | Farm |
| 5:33 | Create | Villager (Male) |
| 5:34 | Create | Villager (Male) |
| 5:46 | Build | House |
| 5:58 | Create | Villager (Male) |
| 6:34 | Build | Farm |
| 6:39 | Create | Villager (Male) |
| 6:51 | Build | Farm |
| 6:54 | Create | Villager (Male) |
| 7:10 | Build | Farm |
| 7:22 | Create | Villager (Male) |
| 7:36 | Build | House |
| 7:57 | Build | Mining Camp |
| 8:06 | Create | Villager (Male) |
| 8:06 | Create | Villager (Male) |
| 8:50 | Research | Feudal Age |
| 9:09 | Build | Mill |
| 10:37 | Create | Villager (Male) |
| 10:38 | Create | Villager (Male) |
| 11:12 | Build | Barracks |
| 11:21 | Age | Feudal Age |
| 11:24 | Research | Double-Bit Axe |
| 11:25 | Research | Horse Collar |
| 11:26 | Create | Villager (Male) |
| 12:00 | Build | Barracks |
| 12:14 | Create | Villager (Male) |
| 12:26 | Build | House |
| 12:42 | Build | Blacksmith |
| 12:51 | Research | Loom |
| 12:51 | Create | Villager (Male) |
| 13:14 | Build | Market |
| 13:29 | Build | House |
| 13:33 | Build | House |
| 13:54 | Research | Arson |
| 13:58 | Research | Castle Age |
| 13:59 | Research | Castle Age |
| 14:43 | Build | House |
| 14:59 | Build | Barracks |
| 15:06 | Research | Scale Mail Armor |
| 15:08 | Research | Forging |
| 15:39 | Build | Farm |
| 15:41 | Build | Farm |
| 15:43 | Build | Farm |
| 16:19 | Build | House |
| 16:24 | Build | House |
| 16:38 | Age | Castle Age |
| 16:40 | Create | Unit 1974 |
| 16:41 | Create | Unit 1974 |
| 16:41 | Create | Unit 1974 |
| 16:46 | Research | Chain Mail Armor |
| 16:46 | Research | Chain Mail Armor |
| 16:48 | Create | Unit 1974 |
| 16:48 | Create | Unit 1974 |
| 16:48 | Create | Unit 1974 |
| 16:52 | Create | Villager (Male) |
| 16:53 | Create | Villager (Male) |
| 17:00 | Build | House |
| 17:12 | Research | Wheelbarrow |
| 17:12 | Research | Wheelbarrow |
| 17:34 | Create | Unit 1974 |
| 17:34 | Create | Unit 1974 |
| 17:35 | Research | Squires |
| 17:43 | Build | House |
| 17:43 | Build | House |
| 17:53 | Build | Farm |
| 18:05 | Build | Farm |
| 18:37 | Create | Villager (Male) |
| 18:39 | Create | Unit 1974 |
| 18:39 | Create | Unit 1974 |
| 18:39 | Create | Unit 1974 |
| 19:17 | Create | Unit 1974 |
| 19:18 | Create | Unit 1974 |
| 19:18 | Create | Unit 1974 |
| 19:43 | Create | Unit 1974 |
| 19:43 | Create | Unit 1974 |
| 19:43 | Create | Unit 1974 |
| 20:01 | Create | Villager (Male) |
| 20:01 | Create | Villager (Male) |
| 20:04 | Build | Farm |
| 20:06 | Build | Town Center |
| 20:28 | Create | Villager (Male) |
| 20:33 | Build | Farm |
| 20:35 | Build | Farm |
| 20:45 | Create | Villager (Male) |
| 20:49 | Build | Farm |
| 21:09 | Create | Villager (Male) |
| 21:10 | Create | Villager (Male) |
| 21:18 | Build | Farm |
| 21:32 | Build | Town Center |
| 21:37 | Create | Villager (Male) |
| 21:38 | Create | Villager (Male) |
| 21:41 | Build | Farm |
| 22:24 | Create | Villager (Male) |
| 22:24 | Create | Villager (Male) |
| 22:25 | Create | Villager (Male) |
| 22:38 | Create | Villager (Male) |
| 22:38 | Create | Villager (Male) |
| 23:00 | Create | Villager (Male) |
| 23:00 | Create | Villager (Male) |
| 23:01 | Create | Villager (Male) |
| 23:04 | Build | Farm |
| 23:05 | Build | Farm |
| 23:06 | Build | Farm |
| 23:34 | Create | Villager (Male) |
| 23:34 | Create | Villager (Male) |
| 23:34 | Create | Villager (Male) |
| 23:50 | Build | Farm |
| 23:50 | Build | Farm |
| 23:51 | Build | Farm |
| 23:58 | Build | Town Center |
| 24:02 | Research | Bow Saw |
| 24:03 | Research | Bow Saw |
| 24:03 | Create | Villager (Male) |
| 24:03 | Create | Villager (Male) |
| 24:31 | Create | Villager (Male) |
| 24:32 | Create | Villager (Male) |
| 24:32 | Create | Villager (Male) |
| 24:36 | Build | Farm |
| 24:37 | Build | Farm |
| 24:37 | Build | Farm |
| 24:37 | Build | Farm |
| 24:43 | Create | Villager (Male) |
| 24:43 | Create | Villager (Male) |
| 24:44 | Create | Villager (Male) |
| 24:46 | Build | Farm |
| 24:50 | Build | Farm |
| 25:12 | Create | Villager (Male) |
| 25:13 | Create | Villager (Male) |
| 25:13 | Create | Villager (Male) |
| 25:16 | Build | Farm |
| 25:20 | Build | Lumber Camp |
| 25:28 | Create | Villager (Male) |
| 25:28 | Create | Villager (Male) |
| 25:28 | Create | Villager (Male) |
Build order — CTM | Franco*
First 150 of 326 actions detected
| 0:02 | Create | Villager (Male) |
| 0:03 | Create | Villager (Male) |
| 0:03 | Create | Villager (Male) |
| 0:03 | Create | Villager (Male) |
| 0:03 | Create | Villager (Male) |
| 0:04 | Create | Villager (Male) |
| 0:06 | Build | House |
| 0:09 | Build | House |
| 1:48 | Create | Villager (Male) |
| 1:48 | Create | Villager (Male) |
| 2:00 | Create | Villager (Male) |
| 2:00 | Create | Villager (Male) |
| 2:09 | Build | House |
| 2:11 | Build | House |
| 2:30 | Create | Villager (Male) |
| 2:31 | Create | Villager (Male) |
| 2:39 | Create | Villager (Male) |
| 2:39 | Create | Villager (Male) |
| 2:44 | Build | Lumber Camp |
| 3:01 | Create | Villager (Male) |
| 3:01 | Create | Villager (Male) |
| 3:37 | Create | Villager (Male) |
| 3:37 | Create | Villager (Male) |
| 4:02 | Create | Villager (Male) |
| 4:02 | Create | Villager (Male) |
| 4:45 | Create | Villager (Male) |
| 5:09 | Create | Villager (Male) |
| 5:10 | Create | Villager (Male) |
| 5:10 | Create | Villager (Male) |
| 5:35 | Create | Villager (Male) |
| 5:57 | Create | Villager (Male) |
| 6:15 | Build | Mill |
| 6:26 | Create | Villager (Male) |
| 7:00 | Create | Villager (Male) |
| 7:46 | Build | Mining Camp |
| 7:51 | Research | Feudal Age |
| 9:05 | Build | House |
| 9:06 | Build | House |
| 10:07 | Age | Feudal Age |
| 10:09 | Create | Villager (Male) |
| 10:11 | Create | Villager (Male) |
| 10:12 | Create | Villager (Male) |
| 10:16 | Research | Loom |
| 10:24 | Build | Market |
| 10:58 | Build | Blacksmith |
| 12:14 | Research | Castle Age |
| 12:40 | Research | Double-Bit Axe |
| 12:43 | Research | Horse Collar |
| 12:48 | Build | Farm |
| 12:49 | Build | Farm |
| 13:13 | Research | Gold Mining |
| 13:19 | Build | Farm |
| 13:22 | Build | Farm |
| 13:25 | Build | Farm |
| 14:14 | Research | Stone Mining |
| 14:39 | Age | Castle Age |
| 14:42 | Create | Villager (Male) |
| 14:42 | Create | Villager (Male) |
| 14:49 | Build | Town Center |
| 14:56 | Create | Villager (Male) |
| 15:04 | Build | House |
| 15:05 | Build | House |
| 15:06 | Build | House |
| 15:07 | Build | House |
| 15:29 | Create | Villager (Male) |
| 15:33 | Build | Farm |
| 15:51 | Build | Farm |
| 15:54 | Create | Villager (Male) |
| 15:58 | Create | Villager (Male) |
| 16:16 | Build | Farm |
| 16:30 | Build | Town Center |
| 16:33 | Create | Villager (Male) |
| 16:52 | Create | Villager (Male) |
| 16:57 | Create | Villager (Male) |
| 16:57 | Create | Villager (Male) |
| 17:12 | Build | House |
| 17:13 | Build | House |
| 17:14 | Build | House |
| 17:15 | Build | House |
| 17:19 | Create | Villager (Male) |
| 17:19 | Create | Villager (Male) |
| 17:26 | Build | Farm |
| 17:28 | Build | Farm |
| 17:30 | Create | Villager (Male) |
| 17:48 | Build | Farm |
| 17:51 | Build | Farm |
| 17:53 | Create | Villager (Male) |
| 17:59 | Build | Farm |
| 18:01 | Create | Villager (Male) |
| 18:05 | Build | Farm |
| 18:12 | Build | Farm |
| 18:14 | Create | Villager (Male) |
| 18:25 | Create | Villager (Male) |
| 18:44 | Create | Villager (Male) |
| 19:02 | Create | Villager (Male) |
| 19:02 | Create | Villager (Male) |
| 19:05 | Create | Villager (Male) |
| 19:05 | Create | Villager (Male) |
| 19:14 | Create | Villager (Male) |
| 19:14 | Create | Villager (Male) |
| 19:18 | Build | Farm |
| 19:18 | Build | Farm |
| 19:20 | Build | Farm |
| 19:21 | Build | Farm |
| 19:22 | Build | Farm |
| 19:24 | Create | Villager (Male) |
| 19:39 | Build | House |
| 19:40 | Build | House |
| 19:42 | Build | House |
| 19:43 | Build | House |
| 19:44 | Build | House |
| 19:50 | Create | Villager (Male) |
| 19:50 | Create | Villager (Male) |
| 19:51 | Create | Villager (Male) |
| 19:56 | Create | Villager (Male) |
| 19:57 | Create | Villager (Male) |
| 20:40 | Create | Villager (Male) |
| 20:41 | Create | Villager (Male) |
| 20:41 | Create | Villager (Male) |
| 20:41 | Create | Villager (Male) |
| 20:46 | Create | Villager (Male) |
| 20:54 | Create | Villager (Male) |
| 20:55 | Create | Villager (Male) |
| 21:10 | Build | Farm |
| 21:11 | Build | Farm |
| 21:12 | Build | Farm |
| 21:15 | Build | Farm |
| 21:15 | Create | Villager (Male) |
| 21:15 | Create | Villager (Male) |
| 21:16 | Create | Villager (Male) |
| 21:16 | Create | Villager (Male) |
| 21:41 | Create | Villager (Male) |
| 21:42 | Create | Villager (Male) |
| 21:42 | Create | Villager (Male) |
| 21:45 | Build | Farm |
| 21:54 | Build | Town Center |
| 22:00 | Create | Villager (Male) |
| 22:01 | Create | Villager (Male) |
| 22:01 | Create | Villager (Male) |
| 22:02 | Create | Villager (Male) |
| 22:04 | Build | Farm |
| 22:06 | Create | Villager (Male) |
| 22:16 | Build | Farm |
| 22:17 | Build | Farm |
| 22:19 | Build | Farm |
| 22:20 | Build | Farm |
| 22:21 | Build | Farm |
| 22:22 | Build | Farm |
| 22:24 | Build | Farm |
| 22:26 | Create | Villager (Male) |
Match timeline
| 4:53 | botas.el.gato · wall_segment Palisade Wall x1 |
| 4:54 | botas.el.gato · wall_segment Palisade Wall x1 |
| 4:57 | botas.el.gato · wall_segment Palisade Wall x1 |
| 9:38 | PSX | King · age_up feudal |
| 9:42 | Manuel24 · age_up feudal |
| 10:04 | botas.el.gato · wall_segment Palisade Wall x6 |
| 10:07 | CTM | Franco* · age_up feudal |
| 10:31 | botas.el.gato · age_up feudal |
| 10:32 | CTM | Que paso perrito? · age_up feudal |
| 11:08 | Seritzia · age_up feudal |
| 11:11 | CTM | Benja FC · age_up feudal |
| 11:12 | paulovmcm · first_building Barracks |
| 11:21 | paulovmcm · age_up feudal |
| 11:24 | Seritzia · wall_segment Palisade Wall x1 |
| 11:25 | Seritzia · wall_segment Palisade Wall x1 |
| 12:05 | CTM | Benja FC · first_market_sell 100 wood |
| 12:14 | Seritzia · first_market_sell 100 wood |
| 14:02 | CTM | Que paso perrito? · age_up castle |
| 14:04 | Manuel24 · age_up castle |
| 14:04 | CTM | Que paso perrito? · first_building Monastery |
| 14:28 | Manuel24 · first_building Castle |
| 14:39 | CTM | Franco* · age_up castle |
| 14:45 | CTM | Benja FC · age_up castle |
| 14:54 | Seritzia · age_up castle |
| 14:58 | CTM | Benja FC · first_building Castle |
| 15:14 | Seritzia · first_building Barracks |
| 16:38 | paulovmcm · age_up castle |
| 16:45 | CTM | Benja FC · first_building Monastery |
| 17:36 | Manuel24 · wall_segment Stone Wall x2 |
| 17:39 | Seritzia · first_building Siege Workshop |
| 17:39 | Manuel24 · wall_segment Stone Wall x2 |
| 17:42 | Seritzia · first_market_buy 100 wood |
| 17:50 | CTM | Benja FC · first_market_buy 100 food |
| 18:03 | botas.el.gato · first_building Stable |
| 18:37 | PSX | King · first_market_sell 100 stone |
| 18:46 | botas.el.gato · first_market_buy 100 food |
| 19:03 | botas.el.gato · age_up castle |
| 19:07 | botas.el.gato · first_building Siege Workshop |
| 19:43 | botas.el.gato · first_market_sell 100 food |
| 21:17 | CTM | Benja FC · wall_segment Palisade Wall x1 |
| 21:28 | PSX | King · age_up castle |
| 21:31 | CTM | Benja FC · first_building Barracks |
| 22:20 | Seritzia · first_building Castle |
| 23:02 | PSX | King · first_market_buy 100 food |
| 23:39 | botas.el.gato · wall_segment Palisade Wall x1 |
| 24:45 | CTM | Franco* · first_building Castle |
| 24:50 | PSX | King · first_building Siege Workshop |
| 24:50 | Seritzia · first_building Stable |
| 25:10 | CTM | Franco* · first_building Barracks |
| 25:39 | CTM | Benja FC · wall_segment Palisade Wall x1 |
| 25:56 | CTM | Franco* · first_building Stable |
| 26:12 | botas.el.gato · wall_segment Stone Wall x1 |
| 26:21 | paulovmcm · first_market_buy 100 food |
| 26:36 | CTM | Que paso perrito? · first_building Siege Workshop |
| 27:20 | paulovmcm · first_building Monastery |
| 27:53 | CTM | Que paso perrito? · first_building Castle |
| 28:22 | CTM | Que paso perrito? · first_building Barracks |
| 28:52 | Seritzia · first_building Monastery |
| 28:55 | paulovmcm · first_market_sell 100 food |
| 29:05 | PSX | King · wall_segment Stone Wall x1 |
| 29:11 | Manuel24 · first_building Barracks |
| 29:19 | CTM | Que paso perrito? · first_building Archery Range |
| 29:40 | botas.el.gato · first_building Monastery |
| 30:09 | Manuel24 · first_building Stable |
| 30:10 | CTM | Benja FC · age_up imperial |
| 30:18 | CTM | Que paso perrito? · age_up imperial |
| 30:54 | botas.el.gato · first_building Castle |
| 31:27 | Manuel24 · age_up imperial |
| 31:28 | CTM | Franco* · age_up imperial |
| 31:50 | botas.el.gato · age_up imperial |
| 32:49 | paulovmcm · first_building Siege Workshop |
| 32:54 | paulovmcm · age_up imperial |
| 33:04 | CTM | Que paso perrito? · first_market_sell 500 food |
| 33:21 | CTM | Que paso perrito? · first_building Stable |
| 33:27 | CTM | Franco* · tribute_sent a jugador 1 |
| 33:27 | CTM | Franco* · tribute_sent a jugador 2 |
| 33:27 | CTM | Franco* · tribute_sent a jugador 3 |
| 33:27 | CTM | Franco* · tribute_sent a jugador 4 |
| 33:27 | CTM | Franco* · tribute_sent a jugador 5 |
| 33:27 | CTM | Franco* · tribute_sent a jugador 6 |
| 33:27 | CTM | Franco* · tribute_sent a jugador 7 |
| 33:48 | Seritzia · age_up imperial |
| 34:09 | Manuel24 · resign |
| 34:19 | PSX | King · first_building Barracks |
| 34:30 | paulovmcm · first_building Castle |
[ AI ANALYSIS · 1 CREDIT ]
What really happened in this match?
Wolo.gg analyzes every decision: build order, eco, micro, common mistakes by bracket. Personalized analysis on WhatsApp or Discord in 30 seconds.
Civ guide
Turks
Map guide
Arena
Perfil
CTM | Que paso perrito?